 Dungeon Crawl Stone Soup version 0.17.1-2-g5865329 (webtiles) character file.

695 Killerpretzel the Destroyer (level 7, -1/36 HPs)
             Began as a Deep Elf Conjurer on Jan 15, 2016.
             Slain by a steam dragon (3 damage)
             ... on level 8 of the Dungeon.
             The game lasted 00:19:37 (5701 turns).

Killerpretzel the Destroyer (Deep Elf Conjurer)     Turns: 5701, Time: 00:19:37

Health: -1/36      AC:  4    Str:  7    XL:     7   Next: 37%
Magic:  5/13       EV: 12    Int: 20    God:
Gold:   165        SH:  4    Dex: 15    Spells: 3 memorised, 4 levels left

rFire  . . .     SeeInvis .     q - +2 hand axe (freeze)
rCold  . . .     Clarity  .     a - +0 robe
rNeg   . . .     SustAt   .     r - +0 buckler
rPois  .         Gourm    .     (no helmet)
rElec  .         Spirit   .     x - +1 cloak
rCorr  .         Warding  .     (no gloves)
rMut   .         Stasis   .     (no boots)
MR     .....                    (no amulet)
Stlth  ++........               (no ring)
                                (no ring)

@: not resistant to hostile enchantments, unstealthy
A: no striking features
a: no special abilities


You were on level 8 of the Dungeon.
You were very hungry.

You visited 1 branch of the dungeon, and saw 6 of its levels.

You collected 165 gold pieces.

Inventory:

Hand Weapons
 i - a +2 mace of draining
 q - a +2 hand axe of freezing (weapon)
 t - a +0 hunting sling
 w - a +2 quarterstaff of chaos
Missiles
 l - 21 sling bullets
 m - 88 stones
 n - 14 poisoned needles
 o - 51 bolts
 p - 4 tomahawks (quivered)
 y - 17 silver sling bullets
Armour
 a - a +0 robe (worn)
 r - a +0 buckler (worn)
 x - a +1 cloak (worn)
Scrolls
 e - 7 scrolls of identify
 g - 2 scrolls of remove curse {unknown}
 h - 2 scrolls of immolation {unknown}
 s - a scroll of enchant armour {unknown}
 z - a scroll of magic mapping
Potions
 d - a potion of haste
 u - a potion of flight {unknown}
 v - a potion of curing {unknown}
 A - a potion of ambrosia {unknown}
Books
 b - a book of Conjurations

   Spells                             Type                      Level
   a - Magic Dart                     Conjuration                  1
   b - Searing Ray                    Conjuration                  2
   c - Dazzling Spray                 Conjuration/Hexes            3
   d - Fulminant Prism                Conjuration/Hexes            4
   e - Iskenderun's Mystic Blast      Conjuration                  4
   f - Iskenderun's Battlesphere      Conjuration/Charms           5
Comestibles
 c - 4 bread rations {@e1}
 f - 3 fruits
 j - 4 meat rations {@e2}
 k - 2 beef jerkies


   Skills:
 - Level 2.4 Dodging
 - Level 2.4 Stealth
 - Level 1.1 Shields
 - Level 3.0 Spellcasting
 + Level 8.4 Conjurations
 + Level 6.3 Charms


You had 4 spell levels left.
You knew the following spells:

 Your Spells              Type           Power        Failure   Level  Hunger
a - Magic Dart            Conj           ####         1%          1    None
b - Searing Ray           Conj           #####.       1%          2    ##.....
w - Iskenderun's Battles  Conj/Chrm      ####....     30%         5    ######.


Dungeon Overview and Level Annotations

Branches:
Dungeon (8/15)
 Temple: D:4-7         Lair: D:8-11

Altars:
Elyvilon
Fedhas
Vehumet
Yredelemnul

Shops:
D:4 [

Annotations:
D:3 Sigmund
D:4 exclusion: statue, Eustachio
D:5 Gargoyl's ghost, novice DsAK


Message History

The ball of steam hits you!
You hear a shout! x3
The searing ray hits the steam dragon.
The steam dragon is severely wounded.
You are engulfed in a cloud of scalding steam.
The steam dragon bites you!
* * * LOW HITPOINT WARNING * * *
The steam dragon completely misses you.
Casting: Searing Ray
Confirm with . or Enter, or press ? or * to list all spells.
Aiming: Searing Ray
Press: ? - help, Shift-Dir - straight line, f/p - steam dragon
Aim: a steam dragon (severely wounded, catching its breath)
The searing ray hits the steam dragon.
The steam dragon is severely wounded.
You are feeling very hungry.
You are engulfed in a cloud of scalding steam.
* * * LOW HITPOINT WARNING * * *
The steam dragon misses you. The steam dragon claws you.
You die...

.. .# .# .#
######.####
#.........#
#.........#
#....@D...#
#..............
###.......).#.#
#...........#
#.........###
..........##
#..........#
#..........#


You could see a steam dragon.

Vanquished Creatures
  An ogre (D:5)
  The ghost of Caphalor the Insei, an amateur DsMo (D:3)
  A centaur (D:5)
  A scorpion (D:4)
  A crimson imp (D:5)
  A centaur skeleton (D:5)
  A hound (D:4)
  Crazy Yiuf (D:3)
  2 giant frog skeletons
  2 worker ants (D:4)
  4 adders
  4 gnolls (D:4)
  A shadow imp (D:5)
  An ooze (D:5)
  3 worms
  4 giant geckos
  3 orcs
  4 bats
  17 hobgoblins
  7 jackals
  9 kobolds
  4 quokkas
  A ball python (D:1)
  2 giant cockroaches
  2 giant newts
  11 goblins
  A jackal skeleton (D:5)
  A quokka skeleton (D:4)
  5 rats
96 creatures vanquished.

Notes
Turn   | Place    | Note
--------------------------------------------------------------
     0 | D:1      | Killerpretzel the Deep Elf Conjurer began the quest for the Orb.
     0 | D:1      | Reached XP level 1. HP: 10/10 MP: 6/6
   606 | D:1      | Reached XP level 2. HP: 15/15 MP: 6/8
   610 | D:1      | Learned a level 2 spell: Searing Ray
   670 | D:1      | Reached skill level 5 in Conjurations
  1179 | D:1      | Reached XP level 3. HP: 19/19 MP: 7/9
  2005 | D:2      | Reached skill level 1 in Shields
  2234 | D:2      | Reached XP level 4. HP: 24/24 MP: 8/10
  2556 | D:2      | Found a basalt altar of Yredelemnul.
  2790 | D:2      | Reached skill level 6 in Conjurations
  3251 | D:3      | Found a white marble altar of Elyvilon.
  3304 | D:3      | Found a faded altar to an unknown god.
  3823 | D:3      | Noticed Crazy Yiuf
  3838 | D:3      | Killed Crazy Yiuf
  3838 | D:3      | Reached XP level 5. HP: 28/28 MP: 5/11
  3853 | D:3      | Learned a level 5 spell: Iskenderun's Battlesphere
  3978 | D:3      | Noticed Caphalor's ghost (amateur DsMo)
  3986 | D:3      | Killed Caphalor's ghost
  3986 | D:3      | Reached skill level 7 in Conjurations
  4058 | D:3      | Noticed Sigmund
  4344 | D:4      | Found a radiant altar of Vehumet.
  4379 | D:4      | Reached XP level 6. HP: 20/32 MP: 2/12
  4735 | D:4      | Found Ilat's Armour Shoppe.
  5053 | D:4      | Noticed Eustachio
  5064 | D:5      | Entered Level 5 of the Dungeon
  5169 | D:5      | Reached skill level 8 in Conjurations
  5169 | D:5      | Reached skill level 5 in Charms
  5169 | D:5      | Reached XP level 7. HP: 10/36 MP: 1/13
  5517 | D:5      | Found a blossoming altar of Fedhas.
  5677 | D:5      | Noticed Gargoyl's ghost (novice DsAK)
  5695 | D:5      | You fall through a shaft for 3 floors!
  5701 | D:8      | Slain by a steam dragon

Action                   |  1- 3 |  4- 6 |  7- 9 || total
-------------------------+-------+-------+-------++-------
Melee: Unarmed           |    18 |       |       ||    18
       Hand axe          |       |     2 |       ||     2
 Cast: Magic Dart        |    84 |   111 |    13 ||   208
       Searing Ray       |     1 |    12 |     6 ||    19
  Use: Scroll            |     5 |       |       ||     5
  Eat: Chunk             |     4 |     9 |     1 ||    14
